 Dungeon Crawl Stone Soup version 0.18-a0-952-g309898a (webtiles) character file.

116 tof the Ruffian (level 4, -1/41 HPs)
             Began as a Minotaur Monk on Dec 30, 2015.
             Slain by a worker ant (7 damage)
             ... on level 4 of the Dungeon.
             The game lasted 00:09:20 (1876 turns).

tof the Ruffian (Minotaur Monk)                     Turns: 1876, Time: 00:09:20

Health: -1/41      AC:  9    Str: 15    XL:     4   Next: 69%
Magic:  3/3        EV:  8    Int:  7    God:
Gold:   130        SH:  0    Dex: 14    Spells: 0 memorised, 3 levels left

rFire  . . .     SeeInvis .     j - -3 hunting sling (curse)
rCold  . . .     Gourm    .     f - +1 ring mail
rNeg   . . .     Faith    .     (no shield)
rPois  .         Spirit   .     (helmet restricted)
rElec  .         Dismiss  .     (no cloak)
rCorr  .         Reflect  .     g - +2 pair of gloves
SustAt .         Harm     .     (no boots)
MR     .....                    (no amulet)
Stlth  +.........               (no ring)
                                (no ring)

@: not resistant to hostile enchantments, very unstealthy
A: retaliatory headbutt, horns 2
a: no special abilities


You were on level 4 of the Dungeon.
You were hungry.

You visited 1 branch of the dungeon, and saw 4 of its levels.

You collected 130 gold pieces.

Inventory:

Hand Weapons
 e - a +0 dagger
 j - a cursed -3 hunting sling (weapon)
 n - a +0 whip
 q - a +1 quarterstaff of draining
 s - a +2 dagger of flaming
Missiles
 a - 19 bolts
 h - 16 poisoned needles
 u - 44 arrows
 v - 25 sling bullets (quivered)
Armour
 f - a +1 ring mail (worn)
 g - a +2 pair of gloves (worn)
Scrolls
 c - 2 scrolls of amnesia
 x - a scroll of identify
Potions
 k - 2 potions of degeneration {unknown}
 l - a potion of curing {unknown}
 m - a potion of haste {unknown}
 o - a potion of might {unknown}
 r - a potion of heal wounds {unknown}
 t - a potion of magic {unknown}
 w - a potion of lignification {unknown}
Comestibles
 b - a bread ration
 i - 2 fruits
 p - 2 meat rations


   Skills:
 + Level 4.3 Fighting
 + Level 0.2 Short Blades
 + Level 2.4 Armour
 + Level 4.5 Dodging
 + Level 1.5 Stealth
 + Level 4.8 Unarmed Combat


You had 3 spell levels left.
You didn't know any spells.

Dungeon Overview and Level Annotations

Branches:
Dungeon (4/15)
 Temple: D:4-7

Altars:
Ashenzari
Cheibriados
Dithmenos
Kikubaaqudgha
Makhleb
Zin

Annotations:
D:4 Blork the orc; Edmund; tof's ghost, amateur MiHu


Innate Abilities, Weirdness & Mutations

You reflexively headbutt those who attack you in melee.
You have a pair of horns on your head.


Message History

You shoot a sling bullet.
The sling bullet barely misses the worker ant.
You are feeling hungry.
The worker ant bites you but does no damage. x2
Tof's ghost hits you! Edmund misses you. You furiously retaliate!
You headbutt Edmund.
Firing (i - inventory):
v - 26 sling bullets (quivered)
Press: ? - help, Shift-Dir - straight line, f/p - worker ant
Aim: a worker ant (heavily wounded)
You shoot a sling bullet.
The sling bullet hits the worker ant but does no damage.
The worker ant is heavily wounded.
The worker ant closely misses you. Tof's ghost completely misses you.
You furiously retaliate!
You headbutt tof's ghost.
Edmund hits you with a flail of protection!
* * * LOW HITPOINT WARNING * * *
The worker ant barely misses you. Tof's ghost hits you.
* * * LOW HITPOINT WARNING * * *
The worker ant bites you!
You die...

######
#..(...
##.......
#.)......
#.)......
#@@(....(
#aW......
#(.......
##.......
#......
....#.
###...
...


You could see Edmund, a worker ant and tof's ghost.

Vanquished Creatures
  Jessica (D:3)
  3 adders
  A worm (D:2)
  A giant gecko (D:3)
  2 orcs (D:3)
  A ball python (D:3)
  4 giant cockroaches
  7 goblins
  11 hobgoblins
  A quokka (D:2)
  4 bats
  4 giant newts
  8 kobolds
  11 rats
59 creatures vanquished.

Notes
Turn   | Place    | Note
--------------------------------------------------------------
     0 | D:1      | tof the Minotaur Monk began the quest for the Orb.
     0 | D:1      | Reached XP level 1. HP: 19/19 MP: 0/0
   103 | D:1      | Reached XP level 2. HP: 22/27 MP: 1/1
   535 | D:2      | Reached XP level 3. HP: 33/33 MP: 2/2
   706 | D:2      | Found a burning altar of Makhleb.
   866 | D:2      | Found a shadowy altar of Dithmenos.
   877 | D:2      | Reached skill level 1 in Armour
  1365 | D:3      | Reached XP level 4. HP: 37/41 MP: 3/3
  1385 | D:3      | Noticed Jessica
  1392 | D:3      | Killed Jessica
  1496 | D:3      | Found a shattered altar of Ashenzari.
  1496 | D:3      | Found a glowing silver altar of Zin.
  1786 | D:4      | Noticed Blork the orc
  1833 | D:3      | Found an ancient bone altar of Kikubaaqudgha.
  1835 | D:3      | Found a snail-covered altar of Cheibriados.
  1858 | D:4      | Noticed Edmund
  1866 | D:4      | Noticed tof's ghost (amateur MiHu)
  1876 | D:4      | Slain by a worker ant

Vault maps used:
D:1:      shiori_arrival_maze
D:2:      nicolae_dithmenos_shadow_blocks, lemuel_doored_altar
D:3:      nicolae_overflow_hidden_temple, uniq_jessica
D:4:      nicolae_overflow_crystal_walls, uniq_blork_the_orc, uniq_edmund

Action                   |  1- 3 |  4- 6 || total
-------------------------+-------+-------++-------
Melee: Dagger            |    22 |       ||    22
       Unarmed           |     8 |       ||     8
       Hunting sling     |   133 |    16 ||   149
 Fire: Hunting sling     |       |    37 ||    37
  Use: Scroll            |     6 |     2 ||     8
  Eat: Chunk             |     2 |     1 ||     3
